 Dungeon Crawl Stone Soup version 0.31-a0-836-g3ceb0a68c4 (webtiles) character file.

Game seed: 2305273969450434928

317 senseless the Ruffian (level 6, -4/59 HPs)
             Began as a Troll Shapeshifter on Sept 26, 2023.
             Slain by a wyvern (8 damage)
             ... on level 4 of the Dungeon.
             The game lasted 00:05:27 (2860 turns).

senseless the Ruffian (Troll Shapeshifter)          Turns: 2860, Time: 00:05:27

Health: -4/59      AC:  4    Str: 23    XL:     6   Next: 20%
Magic:  5/5        EV: 11    Int:  6    God:
Gold:   229        SH:  0    Dex: 17    Spells: 5/5 levels left

rFire   + .          .
                       - Unarmed
rCold   . . .        (no shield)
rNeg    . . .        a - +0 animal skin
rPois   .            (helmet currently unavailable)
rElec   .            (cloak currently unavailable)
rCorr   .            (gloves unavailable)
SInv    .            (boots unavailable)
Will    .....        g - amulet "Taseuw" {Faith Stlth+}
Stlth   +++          j - ring of protection from fire
HPRegen 1.09/turn    o - +6 ring of dexterity
MPRegen 0.09/turn

%: faith
@: beast-form
A: beast (slay +2), large, unfitting armour, claws 3, regeneration 1, shaggy fur
1, tough skin 1
a: Begin Untransformation


You were on level 4 of the Dungeon.
You were a hulking beast.
You visited 2 branches of the dungeon, and saw 5 of its levels.

You collected 229 gold pieces.

Inventory:

Armour
 a - a +0 animal skin (worn)
Jewellery
 g - the amulet "Taseuw" (around neck) {Faith Stlth+}
   (You acquired it on level 4 of the Dungeon)

   [amulet of faith]

   Faith:     It allows you to gain divine favour quickly.
   Stlth+:    It makes you more stealthy.
 j - a ring of protection from fire (left claw)
 o - a +6 ring of dexterity (right claw)
 v - a ring of magical power
Talismans
 c - a beast talisman (active)
 d - a flux talisman
 e - a maw talisman
 q - a storm talisman
Wands
 n - a wand of roots (9) (quivered)
Scrolls
 h - a scroll of poison {unknown}
 l - a scroll of fog
Potions
 b - 2 potions of lignification
 f - a potion of berserk rage {unknown}
 i - a potion of brilliance {unknown}
 t - 2 potions of curing
 u - a potion of attraction {unknown}


   Skills:
 + Level 2.5 Fighting
 + Level 3.0 Dodging
 + Level 4.3 Unarmed Combat
 + Level 4.1 Shapeshifting


You had 5 spell levels left.
You didn't know any spells.
Your spell library contained the following spells:

 Spells                   Type           Power      Damage    Failure   Level
 Freeze                   Ice            0%         1d3       45%         1
 Slow                     Hex            0%         N/A       45%         1
 Summon Small Mammal      Summ           0%         N/A       45%         1
 Call Canine Familiar     Summ           0%         N/A       83%         3
 Confusing Touch          Hex            0%         N/A       83%         3
 Frozen Ramparts          Ice            0%         1d1       83%         3
 Hailstorm                Conj/Ice       0%         3d3       83%         3
 Sigil of Binding         Hex            0%         N/A       83%         3
 Summon Guardian Golem    Hex/Summ       0%         N/A       83%         3
 Vampiric Draining        Necr           0%         2d6       83%         3


Dungeon Overview and Level Annotations

Branches:
Dungeon (4/15)             Temple (1/1) D:4

Altars:
Ashenzari
Cheibriados
Dithmenos
Elyvilon
Fedhas
Gozag
Hepliaklqana
Kikubaaqudgha
Makhleb
Sif Muna
Uskayaw
Vehumet
Wu Jian
Yredelemnul
The Shining One


Innate Abilities, Weirdness & Mutations

You are a hulking beast.
Your limbs bulge with bestial killing power. (Slay +2)
You are too large for most types of armour.
You have claws for hands.
Your natural rate of healing is unusually fast.
You are covered in fur. (AC +1)
You have tough skin. (AC +1)


Message History

You are too injured to fight recklessly!
You are too injured to fight recklessly!
You are too injured to fight recklessly!
You are too injured to fight recklessly!
You are too injured to fight recklessly!
You are too injured to fight recklessly!
You are too injured to fight recklessly!
You are too injured to fight recklessly!
The wyvern hisses menacingly.
You claw the ball python!
You kill the ball python!
The wyvern barely misses you.
The teleport trap disappears.
The wyvern disappears!
You see here a ball python corpse.
A wyvern is nearby!
You scratch the wyvern but do no damage.
The wyvern is lightly wounded.
The wyvern closely misses you.
You claw the wyvern!
The wyvern is heavily wounded.
The wyvern bites you. The wyvern bites you!
You scratch the wyvern.
The wyvern is severely wounded.
The wyvern bites you but does no damage.
You barely miss the wyvern.
The wyvern is severely wounded.
The wyvern bites you but does no damage.
The wyvern barely misses you.
You barely miss the wyvern.
The wyvern is severely wounded.
The wyvern bites you!
You scratch the wyvern.
The wyvern is severely wounded.
The wyvern barely misses you.
You scratch the wyvern but do no damage.
The wyvern is severely wounded.
The wyvern bites you!
* * * LOW HITPOINT WARNING * * *
The wyvern bites you!
You die...

########..# #.#
#.....##.# #.#
##.......### #.#
#....<... #.#
#.8.....8 #.#
#.........######.#
####...8.8..........#
#..l.........#####..#
#.##h8.....8.# #..#
#.##....<.....###.#.8
#.#.#.......##.#.###.
#.#.##.....##.....#.#
#.#.# ######.#.###.##
#.#.# #.# #...## ###
#.#.# #.# ##.##
#.#.###.####.#
#.........>..#


You could see a wyvern.

Vanquished Creatures
  A hound (D:4)
  Terence (D:2)
  A sleepcap (D:2)
  3 orc wizards (D:3)
  5 adders
  3 gnolls (D:4)
  6 orcs
  9 ball pythons
  11 endoplasms
  4 giant cockroaches
  5 goblins
  7 hobgoblins
  3 jackals (D:3)
  2 quokkas (D:1)
  5 bats
  3 frilled lizards
  12 kobolds
  6 rats
87 creatures vanquished.

Notes
Turn   | Place    | Note
-------+----------+-------------------------------------------
     0 | D:1      | senseless the Troll Shapeshifter began the quest for the
                  | Orb.
     0 | D:1      | Reached XP level 1. HP: 18/18 MP: 0/0
    50 | D:1      | Reached skill level 1 in Fighting
    89 | D:1      | Reached XP level 2. HP: 25/27 MP: 1/1
   712 | D:2      | Reached XP level 3. HP: 33/33 MP: 2/2
   716 | D:2      | You fall into a shaft and drop 2 floors!
   812 | D:2      | Noticed Terence
   822 | D:2      | Killed Terence
   945 | D:2      | Reached XP level 4. HP: 40/41 MP: 3/3
  1509 | D:3      | Reached XP level 5. HP: 39/49 MP: 4/4
  2602 | D:4      | Reached XP level 6. HP: 56/59 MP: 5/5
  2627 | D:4      | Identified a scroll of acquirement
  2627 | D:4      | Acquired the amulet "Taseuw" {Faith Stlth+}
  2793 | D:4      | Found a staircase to the Ecumenical Temple.
  2799 | Temple   | Entered the Ecumenical Temple
  2836 | D:4      | Noticed a wyvern
  2860 | D:4      | Slain by a wyvern

Illustrated notes

Levels and vault maps discovered:
D:1:      lightli_arrival_isolated_outpost, layout_basic
D:2:      layout_basic, uniq_terence
D:3:      layout_basic
D:4:      layout_loops_ring, lemuel_crystal_altar, temple_statues,
          grunt_ministairs_10
Temple:   regret_index_temple_waves

Skill      XL: |  1  2  3  4  5  6 |
---------------+-------------------+-----
Fighting       | 1 2 |  2.5
Dodging        | 2 3 |  3.0
Unarmed Combat | 4 |  4.3
Shapeshifting  | 4 |  4.1

Action                     |  1- 3 |  4- 6 || total
---------------------------+-------+-------++-------
  Melee: Unarmed           |    91 |   133 ||   224
         Punch             |     1 |     6 ||     7
    Use: Scroll            |       |     8 ||     8
   Stab: Sleeping          |     1 |       ||     1
 Armour: Animal skin       |    53 |    83 ||   136
  Dodge: Dodged            |    33 |    60 ||    93

Table legend: (Time is in decaauts)
 A = Elapsed time spent in this place.
 B = Non-inter-level travel time spent in this place.
 C = Inter-level travel time spent in this place.
 D = Time resting spent in this place.
 E = Time spent auto-exploring this place.
 F = Levels seen in this place.
 G = Mean time per level.
                   A        B        C        D        E       F      G
               +--------+--------+--------+--------+--------+-----+--------+
         Total |   2843 |   2667 |    176 |      0 |   2134 |   5 |  568.6 |
       Dungeon |   2842 |   2666 |    176 |      0 |   2134 |   4 |  710.5 |
        Temple |      1 |      1 |      0 |      0 |      0 |   1 |    1.0 |
               +--------+--------+--------+--------+--------+-----+--------+

Top non-repeatable levels by time:
     D:3: 1185 daAuts
     D:1: 706 daAuts
     D:2: 679 daAuts
     D:4: 270 daAuts
  Temple: 1 daAuts
